 Dungeon Crawl Stone Soup version 0.24.1-11-gbbbb2193e6 (webtiles) character file.

Game seed: 13875991582185899359, levelgen mode: deterministic

2692 Descartes the Shield-Bearer (level 9, -5/47 HPs)
             Began as a Vine Stalker Fighter on May 15, 2020.
             Slain by a killer bee (6 damage)
             ... on level 7 of the Dungeon.
             The game lasted 00:14:20 (5714 turns).

Descartes the Shield-Bearer (Vine Stalker Fighter)  Turns: 5714, Time: 00:14:20

Health: -5/47      AC: 10    Str: 26    XL:     9   Next: 65%
Magic:  0/12       EV:  8    Int:  8    God:
Gold:   350        SH:  9    Dex: 15    Spells: 8/8 levels left

rFire    + . .     SeeInvis .   H - +1 dagger (vamp)
rCold    + . .     Gourm    .   w - +3 buckler
rNeg     + . .     Faith    .   m - +0 chain mail
rPois    .         Spirit   +   q - +0 helmet
rElec    .         Reflect  .   K - scarf {rC+ rF+}
rCorr    .         Harm     .   (no gloves)
MR       ++...                  (no boots)
Stlth    ..........             G - amulet of the acrobat
HPRegen  0.55/turn              j - ring of protection from magic
MPRegen  0.13/turn              t - ring of positive energy

@: mighty
A: fangs 3, regeneration 1, magic shield, antimagic bite, no potion heal 3, rot
immunity
a: no special abilities


You were on level 7 of the Dungeon.
You were not hungry.

You visited 2 branches of the dungeon, and saw 8 of its levels.

You collected 350 gold pieces.

Inventory:

Hand Weapons
 b - a +2 dagger of draining
 B - a +0 falchion
 H - a +1 vampiric dagger (weapon)
Missiles
 g - 284 stones (quivered)
 p - 71 bolts
 r - 152 arrows
 s - 30 poisoned darts
 v - 16 sling bullets
 y - a throwing net
 I - 4 large rocks
 J - 4 boomerangs
Armour
 c - a +0 shield
 m - a +0 chain mail (worn)
 q - a +0 helmet (worn)
 w - a +3 buckler (worn)
 K - a scarf of resistance (worn)
Jewellery
 j - a ring of protection from magic (left hand)
 t - a ring of positive energy (right hand)
 G - an amulet of the acrobat (around neck)
 O - an uncursed ring of ice {unknown}
Wands
 L - a wand of flame (22)
Scrolls
 a - a scroll of amnesia
 h - 2 scrolls of random uselessness {unknown}
 l - 2 scrolls of immolation
 n - a scroll of fear
 u - 2 scrolls of teleportation
 x - 3 scrolls of remove curse
 D - a scroll of magic mapping {unknown}
 E - a scroll of fog {unknown}
 F - 3 scrolls of identify
 N - a scroll of enchant armour
Potions
 d - a potion of might
 e - 5 potions of agility
 i - a potion of lignification {unknown}
 k - 3 potions of curing
 o - 3 potions of haste {unknown}
 z - 2 potions of heal wounds {unknown}
 A - 3 potions of flight {unknown}
 C - a potion of ambrosia {unknown}
Comestibles
 f - 10 rations
 M - 8 chunks of flesh


   Skills:
 + Level 5.0 Fighting
 * Level 6.4(6.8) Short Blades
 + Level 3.4(5.3) Long Blades
 + Level 4.6 Armour
 * Level 6.7 Shields
 + Level 3.0 Evocations


You had 8 spell levels left.
You didn't know any spells.
Your spell library contained the following spells:

 Spells                   Type           Power        Failure   Level  Hunger
 Magic Dart               Conj           #...         95%         1    ##.....
 Blink                    Tloc           N/A          98%         2    ###....
 Call Imp                 Summ           #.......     98%         2    ###....
 Slow                     Hex            #.......     98%         2    ###....
 Conjure Flame            Conj/Fire      #.......     100%        3    ####...
 Mephitic Cloud           Conj/Pois/Air  #.......     100%        3    ####...


Dungeon Overview and Level Annotations

Branches:
Dungeon (7/15)             Temple (1/1) D:4

Altars:
Ashenzari
Cheibriados
Dithmenos
Elyvilon
Fedhas
Gozag
Hepliaklqana
Kikubaaqudgha
Makhleb
Nemelex Xobeh
Okawaru
Qazlal
Ru
Sif Muna
Trog
Uskayaw
Vehumet
Wu Jian
Xom
Yredelemnul
Zin
The Shining One


Innate Abilities, Weirdness & Mutations

You have razor-sharp teeth.
Your natural rate of healing is unusually fast.
When hurt, damage is shared between your health and your magic reserves.
Your bite disrupts and absorbs the magic of your enemies.
Potions cannot restore your health.
You are immune to rotting.


Message History

* * * LOW HITPOINT WARNING * * *
You are more poisoned.
The killer bee poisons you! The killer bee barely misses you.
You block the killer bee's attack. The killer bee stings you.
* * * LOW HITPOINT WARNING * * *
Your system rejects the healing.
You feel better. The killer bee stings you.
* * * LOW HITPOINT WARNING * * *
The killer bee stings you but does no damage.
You block the killer bee's attack. The killer bee stings you!
* * * LOW HITPOINT WARNING * * *
You puncture the killer bee!
You feel better.
You bite the killer bee.
You kill the killer bee!
The killer bee stings you.
* * * LOW HITPOINT WARNING * * *
You block the killer bee's attack. The killer bee barely misses you.
You closely miss the killer bee. Your bite misses the killer bee.
You block the killer bee's attack. The killer bee closely misses you.
You closely miss the killer bee. Your bite misses the killer bee.
The killer bee stings you!
You die...

...........# ##...##.# #.......
...........# ##.......##........
...........####..###.....#.......
.........)...[..#######.†........
.............#### #...#))...[....
#........# ###...)).........
.......####...............
#.#.......#y#.............
.....#[...@yy............#
........####.........>...# ..##.#
##............#
......##.........#
##.#####......... .. #........
##.......y....... ####...........
#....#......


You could see 3 killer bees.

Vanquished Creatures
  The ghost of brob1 the Ruffian, an amateur DrTm (D:4)
  The ghost of Xye the Covered, an amateur GrFi (D:4)
  A wraith (D:6)
  The ghost of TreeFish the Ducker, an amateur HuWr (D:4)
  A sky beast (D:7)
  4 ogres
  A black bear (D:6)
  A phantom (D:6)
  A centaur (D:6)
  A bullfrog (D:6)
  2 scorpions
  3 killer bees (D:7)
  A quasit (D:6)
  A hound (D:4)
  A jelly (D:6)
  8 orc priests
  3 bullfrog skeletons
  8 orc wizards
  3 worker ants
  7 gnolls
  12 adders
  A shadow imp (D:5)
  4 oozes
  2 adder skeletons
  A worm (D:4)
  4 dart slugs
  A leopard gecko (D:4)
  31 orcs
  5 ball pythons
  6 bats
  5 giant cockroaches
  5 goblins
  6 hobgoblins
  6 jackals
  6 kobolds
  3 quokkas
  8 frilled lizards
  A jackal skeleton (D:7)
  2 leopard gecko skeletons
  7 rats
166 creatures vanquished.

Vanquished Creatures (others)
  A withered plant (D:4)
1 creature vanquished.

Grand Total: 167 creatures vanquished

Notes
Turn   | Place    | Note
-------+----------+-------------------------------------------
     0 | D:1      | Descartes the Vine Stalker Fighter began the quest for the
                  | Orb.
     0 | D:1      | Reached XP level 1. HP: 11/11 MP: 2/2
   105 | D:1      | Reached XP level 2. HP: 14/16 MP: 1/3
   355 | D:1      | Reached XP level 3. HP: 16/19 MP: 4/4
  1046 | D:2      | Found a shattered altar of Ashenzari.
  1046 | D:2      | Found a sparkling altar of Nemelex Xobeh.
  1048 | D:2      | Found a burning altar of Makhleb.
  1048 | D:2      | Found a bloodstained altar of Trog.
  1360 | D:2      | Gained mutation: Your natural rate of healing is unusually
                  | fast. [Vine Stalker growth]
  1360 | D:2      | Reached XP level 4. HP: 21/24 MP: 5/5
  1806 | D:3      | Reached XP level 5. HP: 24/28 MP: 6/6
  1928 | D:3      | Found a shattered altar of Ashenzari.
  1957 | D:3      | Reached XP level 6. HP: 14/32 MP: 4/7
  2583 | D:4      | Found a staircase to the Ecumenical Temple.
  2590 | Temple   | Entered the Ecumenical Temple
  2952 | D:4      | Reached XP level 7. HP: 37/37 MP: 8/8
  3021 | D:4      | Reached skill level 1 in Long Blades
  3356 | D:4      | HP: 1/37 [ogre/+0 giant club (4)]
  3551 | D:4      | Found a runed translucent gate.
  3551 | D:4      | Found a runed translucent gate.
  3551 | D:4      | Found a runed translucent gate.
  3552 | D:4      | Noticed Xye's ghost (amateur GrFi)
  3552 | D:4      | Noticed brob1's ghost (amateur DrTm)
  3552 | D:4      | Noticed TreeFish's ghost (amateur HuWr)
  3632 | D:4      | Killed brob1's ghost
  3632 | D:4      | Reached skill level 5 in Shields
  3632 | D:4      | Reached skill level 1 in Evocations
  3632 | D:4      | Gained mutation: You have razor-sharp teeth. [Vine Stalker
                  | growth]
  3632 | D:4      | Reached XP level 8. HP: 8/42 MP: 2/9
  3656 | D:4      | Killed TreeFish's ghost
  3710 | D:4      | Killed Xye's ghost
  3710 | D:4      | Reached skill level 5 in Short Blades
  3993 | D:5      | Entered Level 5 of the Dungeon
  4253 | D:5      | Found a sacrificial altar of Ru.
  4747 | D:6      | Reached XP level 9. HP: 46/46 MP: 11/11
  4948 | D:6      | Found a faded altar of an unknown god.
  4948 | D:6      | Found a shimmering blue altar of Sif Muna.
  4974 | D:6      | Found a faded altar of an unknown god.
  4976 | D:6      | Found an ornate altar of the Wu Jian Council.
  4979 | D:6      | Found a radiant altar of Vehumet.
  5547 | D:7      | Reached skill level 5 in Fighting
  5711 | D:7      | HP: 1/47 [killer bee (4)]
  5714 | D:7      | Slain by a killer bee

Levels and vault maps discovered:
D:1:      dpeg_arrival_another_circle, layout_basic
D:2:      layout_basic, chequers_temple_overflow_statue_of_worship
D:3:      layout_basic, minmay_door_square, evilmike_ruin_ashenzari
D:4:      minmay_angry_zag, layout_basic, minmay_temple_entry_arrows,
          gammafunk_ghost_cemetery, hangedman_glass_garden
D:5:      layout_basic, nicolae_ru_great_annihilating_truth, first_ration
D:6:      layout_loops_ring, chequers_temple_overflow_minitemple
D:7:      layout_rooms
Temple:   dpeg_chambers_temple

Skill      XL: |  1  2  3  4  5  6  7  8  9 |
---------------+----------------------------+-----
Short Blades   | 2 3 4 5 6 |  6.4
Shields        | 3 4 5 6 |  6.7
Fighting       | 3 4 5 |  5.0
Armour         | 3 4 |  4.6
Long Blades    | 1 2 3 |  3.4
Evocations     | 1 2 3 |  3.0

Action                   |  1- 3 |  4- 6 |  7- 9 || total
-------------------------+-------+-------+-------++-------
Melee: Rapier            |    93 |   197 |   205 ||   495
       Bite              |    22 |    54 |   207 ||   283
       Dagger            |       |       |   313 ||   313
  Use: Scroll            |       |     8 |     1 ||     9
       Potion            |       |       |     2 ||     2
 Stab: Paralysed         |       |       |     1 ||     1
  Eat: Chunk             |     1 |     6 |     6 ||    13
       Ration            |       |       |     1 ||     1
Armor: Scale mail        |    26 |       |       ||    26
       Chain mail        |    26 |    94 |   199 ||   319
Dodge: Dodged            |    22 |    66 |   123 ||   211
Block: Shield            |    39 |       |       ||    39
       Buckler           |     1 |    68 |   184 ||   253
